[Event "Team 45 45 League T76"]
[Site "Internet Chess Club"]
[Date "2018.04.15"]
[Round "4"]
[White "nosir"]
[Black "dinosaurchess"]
[Result "1-0"]
[WhiteElo "1426"]
[BlackElo "1304"]
[Opening "Queen's pawn, Mason variation"]
[ECO "D00"]
[Time "20:05:01"]
[TimeControl "2700+45"]

1. d4 d5 2. Bf4 Nc6 3. e3 Nf6 4. Nd2 Bf5 5. c3 e6 6. Ngf3 h6 7. Bb5 a6 8. Ba4 b5
9. Bc2 Na5 10. Bxf5 exf5 11. Ne5 Bd6 12. O-O O-O 13. h3 Ne4 14. Nxe4 fxe4 15. b3
Re8 16. Qh5 Qf6 17. Bh2 Rac8 18. f3 Bxe5 19. Bxe5 Qg5 20. Qxg5 hxg5 21. fxe4 f6
22. Bg3 Rxe4 23. Rae1 c5 24. dxc5 Rxc5 25. Bd6 Rc6 26. Bb4 Nb7 27. Rf5 a5 28.
Ba3 Rxc3 29. Rxd5 b4 30. Bb2 Rcxe3 31. Rxe3 Rxe3 32. Kf2 Re7 33. Bd4 Kh7 34. Bb6
Re5 35. Rxe5 fxe5 36. Ke3 Kg6 37. Ke4 Kf6 38. g3 Ke6 39. Be3 Nd6+ 40. Kd3 e4+
41. Kd4 Nf5+ 42. Kxe4 Nxe3 43. Kxe3 Ke5 44. Kd3 Kf5 45. g4+ Kf4 46. Kc4 Kg3 47.
Kb5 Kxh3 48. Kxa5 Kxg4 49. Kxb4 Kf4 50. a4 g4 51. a5 g3 52. a6 g2 53. a7 g1=Q
54. a8=Q Qd4+ 55. Kb5 Qd3+ 56. Kb4 Qd4+ 57. Kb5 Qd3+ 58. Kb4 Qd4+ 59. Kb5 Qd5+
60. Qxd5 g5 61. Qf7+ Kg3 62. Kc4 g4 63. Kd3 Kh2 64. Qh5+ Kg3 65. Ke3 Kg2 66.
Qxg4+ Kh2 67. Kf2 Kh1 68. Qg2# {Black checkmated} 1-0

[Event "Team 45 45 League T76"]
[Site "Internet Chess Club"]
[Date "2018.04.15"]
[Round "4"]
[White "justice02"]
[Black "Goli"]
[Result "1/2-1/2"]
[WhiteElo "1737"]
[BlackElo "1701"]
[Opening "Robatsch (modern) defense"]
[ECO "B06"]
[Time "14:30:39"]
[TimeControl "2700+45"]

1. e4 g6 2. d4 Bg7 3. h4 h5 4. Nf3 d6 5. c3 Nf6 6. e5 Ng4 7. exd6 cxd6 8. Bd3
Nc6 9. O-O O-O 10. Ng5 e5 11. d5 Ne7 12. c4 Bf5 13. Ne4 Rc8 14. b3 Bxe4 15. Bxe4
f5 16. Nc3 fxe4 17. Nxe4 Nf6 18. Ng5 Qd7 19. Ne6 Rfe8 20. Nxg7 Kxg7 21. Qd2 Neg8
22. Re1 b5 23. cxb5 Qxb5 24. Ba3 Qb6 25. Re3 Ne7 26. Rd1 Nfxd5 27. Rd3 Qc6 28.
Rxd5 Nxd5 29. Qxd5 Qxd5 30. Rxd5 Rc2 31. Bxd6 Rxa2 32. Bxe5+ Kf7 33. Bc3 Ree2
34. Bd4 Red2 35. Rd7+ Ke6 36. Rxa7 Rxa7 37. Bxa7 Rb2 38. g3 Rxb3 39. Kg2 Kf5 40.
Be3 Ke4 41. Ba7 Rf3 42. Bb6 Rf6 43. Ba7 Rf5 44. Bb6 g5 45. hxg5 Rxg5 46. f3+ Kf5
47. Kh3 Rg6 48. Bc7 Rc6 49. Bb8 Rc3 50. f4 Rc1 51. Ba7 Rh1+ 52. Kg2 Ra1 53. Bb8
Kg4 54. f5 Kxf5 55. Kh3 Rh1+ 56. Kg2 Rb1 57. Bc7 Kg4 58. Bd6 Ra1 59. Be5 Ra2+
60. Kf1 Kf3 61. Kg1 Re2 62. Bc7 Re7 63. Bd6 Rg7 64. Kh2 Rd7 65. Bb8 Kg4 66. Be5
Rd2+ 67. Kg1 Kh3 68. Bb8 Kg4 69. Bc7 h4 70. gxh4 Kxh4 71. Kf1 Kg4 72. Ke1 Rc2
73. Be5 Kf3 74. Kd1 Ra2 75. Bg7 Ke3 76. Bf6 Re2 77. Bg5+ Kd3 78. Kc1 Re1+ 79.
Kb2 Rd1 80. Bh6 Rh1 81. Bf4 Rf1 82. Bh6 Rf2+ 83. Kb3 Rc2 84. Bg7 Rc7 85. Be5
Rb7+ 86. Ka4 Kc4 87. Ka3 Re7 88. Bf6 Rb7 89. Bh8 {Game drawn by mutual
agreement} 1/2-1/2

[Event "Team 45 45 League T76"]
[Site "Internet Chess Club"]
[Date "2018.04.14"]
[Round "4"]
[White "Egmont"]
[Black "Grenadier"]
[Result "0-1"]
[WhiteElo "1618"]
[BlackElo "1591"]
[Opening "Queen's pawn game"]
[ECO "E20"]
[Time "09:00:59"]
[TimeControl "2700+45"]

1. d4 Nf6 2. c4 e6 3. Nc3 b6 4. e4 d5 5. cxd5 exd5 6. e5 Ne4 7. Nxe4 dxe4 8. Bc4
Bb4+ 9. Bd2 Bxd2+ 10. Qxd2 O-O 11. Qe3 Bb7 12. Ne2 Qe7 13. O-O Nd7 14. Nc3 c5
15. Bd5 cxd4 16. Qxd4 Bxd5 17. Nxd5 Qxe5 18. Qxe5 Nxe5 19. Rae1 Rad8 20. Ne7+
Kh8 21. Rxe4 Nd3 22. Nc6 Rd7 23. Rd1 Rc7 24. Rxd3 Rxc6 25. Red4 h5 26. g3 Rc2
27. Rd2 Rfc8 28. Kg2 g6 29. Kf3 Kg7 30. Ke3 a5 31. Rd6 R8c6 32. Rxc2 Rxd6 33.
Rc4 g5 34. h4 g4 35. Rd4 Rc6 36. Kd2 Kg6 37. Rd5 f5 38. Ke3 Kf6 39. Rd8 Re6+ 40.
Kd3 Ke5 41. Ke3 Kf6+ 42. Kd3 Ke5 43. Rh8 Rd6+ 44. Ke2 Rc6 45. Kd2 Ke4 46. Rxh5
Rd6+ 47. Kc2 Rc6+ 48. Kb3 b5 49. a3 Rc5 50. Rh8 Kf3 51. h5 Kxf2 52. h6 Kxg3 53.
h7 Rc7 54. Rf8 Rxh7 55. Rxf5 Rb7 56. Kc3 Kg2 57. Rg5 g3 58. b4 axb4+ 59. axb4
Kf2 60. Rf5+ Kg1 61. Rg5 g2 62. Kd3 Rf7 63. Rxb5 Kf1 64. Rg5 g1=Q 65. Rxg1+ Kxg1
66. Kc4 Kf2 67. Kc5 Ke3 68. Kc6 Kd4 69. b5 Rf1 70. b6 Rc1+ 71. Kb7 Kc5 72. Ka7
Ra1+ 73. Kb7 Rb1 {White resigns} 0-1

[Event "Team 45 45 League T76"]
[Site "Internet Chess Club"]
[Date "2018.04.15"]
[Round "4"]
[White "GoIrish"]
[Black "AVEMARIA"]
[Result "1/2-1/2"]
[WhiteElo "1503"]
[BlackElo "1597"]
[Opening "Réti opening"]
[ECO "A05"]
[Time "14:05:21"]
[TimeControl "2700+45"]

1. Nf3 Nf6 2. d3 d5 3. g3 Nc6 4. Bg2 e6 5. O-O Be7 6. Nbd2 O-O 7. e4 dxe4 8.
dxe4 e5 9. c3 Bg4 10. Qc2 Bd6 11. Nc4 Qe7 12. Nxd6 cxd6 13. b3 Rac8 14. Ba3 Bxf3
15. Bxf3 Nd4 16. Qd3 Nxf3+ 17. Qxf3 Rfd8 18. Rad1 Qe6 19. c4 b6 20. Rd3 Rc6 21.
Rfd1 Ne8 22. Rd5 {Game drawn by mutual agreement} 1/2-1/2

[Event "Team 45 45 League T76"]
[Site "Internet Chess Club"]
[Date "2018.04.13"]
[Round "4"]
[White "tightfist"]
[Black "bmw2002"]
[Result "1-0"]
[WhiteElo "1419"]
[BlackElo "1430"]
[Opening "Réti opening"]
[ECO "A04"]
[Time "22:11:19"]
[TimeControl "2700+45"]

1. Nf3 c6 2. b4 Nf6 3. Bb2 d5 4. e3 Bf5 5. d3 Nbd7 6. Nbd2 Qc7 7. a3 e5 8. Be2
Bd6 9. h3 O-O 10. Nh4 Bg6 11. c4 e4 12. Nxg6 hxg6 13. c5 exd3 14. Bxd3 Be5 15.
Qc2 Rfe8 16. O-O Rac8 17. Nf3 Bxb2 18. Qxb2 Ne5 19. Nxe5 Rxe5 20. Rfe1 Rce8 21.
Re2 Qd7 22. Rae1 Rg5 23. Kh2 Rh5 24. f3 Qc7+ 25. g3 Nh7 26. f4 g5 27. Bxh7+ Kxh7
28. Qc2+ Re4 29. Rf1 Qd7 30. f5 f6 31. Kg2 Qc7 32. Rh1 Qe5 33. g4 Rh4 34. Rhe1
Rc4 35. Qb2 Qe4+ 36. Kg3 d4 37. exd4 Qf4+ 38. Kg2 Rxd4 39. Rf2 Rxg4+ 40. hxg4
Qxg4+ 41. Kf1 Qh3+ 42. Rg2 Qxf5+ 43. Kg1 Qd5 44. Qc2+ Kh8 45. Re8+ {Black
resigns} 1-0

[Event "Team 45 45 League T76"]
[Site "Internet Chess Club"]
[Date "2018.04.11"]
[Round "4"]
[White "Ajolote"]
[Black "misuc56"]
[Result "1-0"]
[WhiteElo "1823"]
[BlackElo "1452"]
[Opening "Sicilian: closed"]
[ECO "B24"]
[Time "22:00:13"]
[TimeControl "2700+45"]

1. e4 c5 2. Nc3 Nc6 3. g3 d6 4. Bg2 Bd7 5. Nge2 Rb8 6. O-O g6 7. h3 Bg7 8. Nd5
Nf6 9. c3 O-O 10. d4 cxd4 11. Nxf6+ Bxf6 12. Nxd4 Nxd4 13. cxd4 Bg7 14. Be3 a6
15. Qd2 Rc8 16. Rfc1 h5 17. Rxc8 Bxc8 18. Rc1 Kh7 19. a4 f5 20. Qc2 Bh6 21. f4
Bg7 22. Qc7 Qe8 23. b3 Qf7 24. b4 Qb3 25. Bf2 Qf7 26. b5 axb5 27. axb5 h4 28. e5
hxg3 29. Bxg3 dxe5 30. dxe5 g5 31. Bxb7 Bxb7 32. Qxb7 gxf4 33. Bxf4 Qh5 34. Qxe7
Qxh3 35. Qg5 Rg8 36. Kf2 Bxe5 37. Qe7+ Bg7 38. Rc7 Kh8 39. Be5 Qh6 40. Bxg7+
Rxg7 41. Qxg7+ Qxg7 42. Rxg7 Kxg7 43. b6 {Black resigns} 1-0

[Event "Team 45 45 League T76"]
[Site "Internet Chess Club"]
[Date "2018.04.15"]
[Round "4"]
[White "rookbattery"]
[Black "Insan996"]
[Result "1-0"]
[WhiteElo "1629"]
[BlackElo "1672"]
[Opening "Caro-Kann: advance variation"]
[ECO "B12"]
[Time "21:07:59"]
[TimeControl "2700+45"]

1. e4 c6 2. d4 d5 3. e5 Bf5 4. Nf3 e6 5. Be2 Ne7 6. O-O Bg6 7. Nbd2 Nf5 8. Nb3
Be7 9. g4 Nh4 10. Nxh4 Bxh4 11. f4 h6 12. f5 Bh7 13. Nc5 Qe7 14. Qd2 b6 15. f6
gxf6 16. Qxh6 Bg5 17. Bxg5 fxg5 18. Qg7 Rf8 19. Nxe6 fxe6 20. Rxf8+ Qxf8 21.
Qxh7 Nd7 22. Rf1 Qe7 23. Qh5+ Kd8 24. Rf7 Qe8 25. Qxg5+ Kc7 26. Qg7 Rd8 27. g5
Kb8 28. Bh5 c5 29. g6 cxd4 30. Re7 Qh8 31. Qxh8 Rxh8 32. g7 Rg8 33. Rxd7 a5 34.
Rf7 {Black resigns} 1-0

[Event "Team 45 45 League T76"]
[Site "Internet Chess Club"]
[Date "2018.04.12"]
[Round "4"]
[White "mongmong"]
[Black "nidusin2"]
[Result "0-1"]
[WhiteElo "1508"]
[BlackElo "1519"]
[Opening "Old Indian: main line"]
[ECO "A55"]
[Time "21:02:54"]
[TimeControl "2700+45"]

1. d4 d6 2. Nf3 Nf6 3. c4 Nbd7 4. Nc3 e5 5. e4 Be7 6. Be2 c6 7. O-O Qc7 8. Be3
Ng4 9. Bd2 Ngf6 10. Be3 Nf8 11. Re1 Ng6 12. h3 O-O 13. Rc1 Bd7 14. Bf1 Rac8 15.
a3 Rfe8 16. b4 a6 17. d5 Bf8 18. Nd2 cxd5 19. Nxd5 Nxd5 20. cxd5 Qxc1 21. Qxc1
Rxc1 22. Rxc1 Rc8 23. Rxc8 Bxc8 24. f3 b5 25. Nb3 f5 26. Bd3 f4 27. Bb6 Bd7 28.
Na5 Kf7 29. Bc7 Ke8 30. Nb7 Bc8 31. Nxd6+ Kd7 32. Nxc8 Kxc7 33. Na7 Ne7 34.
Nxb5+ axb5 35. Bxb5 Nc8 36. Kf1 Kb6 37. Bc4 Nd6 38. Bd3 Nb5 39. a4 Nc3 40. a5+
Kb7 41. b5 Bb4 42. a6+ Kb6 43. Kf2 Bc5+ 44. Ke1 Nxb5 45. Bxb5 Kxb5 46. Kd2 Kxa6
47. Kc3 Kb5 48. Kb3 Be7 49. Kc3 Kc5 50. Kd3 h5 51. Ke2 Kd4 52. Kf2 Bh4+ 53. Kg1
Ke3 54. Kf1 Be7 55. Kg1 g5 56. Kh2 Kf2 57. Kh1 Kg3 58. Kg1 Bc5+ 59. Kh1 g4 60.
hxg4 hxg4 61. fxg4 Kxg4 62. Kh2 f3 {White resigns} 0-1

[Event "Team 45 45 League T76"]
[Site "Internet Chess Club"]
[Date "2018.04.16"]
[Round "4"]
[White "PolishRyszard"]
[Black "zap2"]
[Result "1-0"]
[WhiteElo "1803"]
[BlackElo "1677"]
[Opening "Pirc defense"]
[ECO "B07"]
[Time "05:16:51"]
[TimeControl "2700+45"]

1. d4 d6 2. e4 Nf6 3. Nc3 e5 4. dxe5 dxe5 5. Qxd8+ Kxd8 6. Bc4 Ke8 7. Nf3 Bd6 8.
Bg5 Nfd7 9. O-O-O f6 10. Be3 a6 11. a3 Nf8 12. Rxd6 cxd6 13. Nd5 Be6 14. Nc7+
Kd7 15. Nxa8 Kc6 16. Nb6 Bxc4 17. Nxc4 b5 18. Na5+ Kc7 19. Rd1 Ne6 20. Ng1 Nd7
21. Ne2 Rc8 22. Nc3 Nec5 23. f3 Nb6 24. Bxc5 dxc5 25. Nb3 Kc6 26. Nd5 Nxd5 27.
Rxd5 {Black resigns} 1-0

[Event "Team 45 45 League T76"]
[Site "Internet Chess Club"]
[Date "2018.04.13"]
[Round "4"]
[White "elessar"]
[Black "cadmiumorange"]
[Result "0-1"]
[WhiteElo "1585"]
[BlackElo "1815"]
[Opening "Modern defense"]
[ECO "A40"]
[Time "14:01:04"]
[TimeControl "2700+45"]

1. d4 g6 2. Nf3 Bg7 3. Bf4 d6 4. e3 Nd7 5. h3 Ngf6 6. Nc3 O-O 7. Bc4 c6 8. a4
Qa5 9. O-O e5 10. dxe5 dxe5 11. Bh2 e4 12. Nd4 Ne5 13. Nb3 Qc7 14. Nc5 Qe7 15.
Bxe5 Qxe5 16. Nb3 Qg5 17. Kh2 Qh4 18. Be2 Be6 19. Qd6 Rad8 20. Qb4 b6 21. Rad1
c5 22. Qa3 Rxd1 23. Rxd1 Qxf2 24. Nd2 Qxe3 25. Nf1 Qf4+ 26. Ng3 h5 27. Rf1 Qe5
{White resigns} 0-1

[Event "Team 45 45 League T76"]
[Site "Internet Chess Club"]
[Date "2018.04.14"]
[Round "4"]
[White "zethhon"]
[Black "Hal2001"]
[Result "0-1"]
[WhiteElo "1315"]
[BlackElo "1528"]
[Opening "Queen's pawn game"]
[ECO "A46"]
[Time "08:06:52"]
[TimeControl "2700+45"]

1. d4 Nf6 2. Nf3 c5 3. c3 e6 4. e3 b6 5. Bd3 Bb7 6. O-O cxd4 7. cxd4 d5 8. Nbd2
g6 9. b3 Bg7 10. Ba3 a6 11. Rc1 Nc6 12. Qe2 Ne7 13. Ne5 O-O 14. Rc2 Nd7 15. Nxd7
Qxd7 16. Rfc1 Rfc8 17. Nf3 Nc6 18. e4 Nxd4 19. Nxd4 Bxd4 20. exd5 Qxd5 21. Rxc8+
Rxc8 22. Rxc8+ Bxc8 23. Bxa6 Bxa6 24. Qxa6 Qc6 25. Qd3 e5 26. h3 b5 27. Qd2 Kg7
28. Be7 f6 29. a4 bxa4 30. bxa4 Qxa4 31. Kf1 Qc4+ 32. Kg1 Qa4 33. Kh2 Qa7 34. f3
Qxe7 35. g3 Qa3 36. f4 Qb2 37. Qxb2 Bxb2 {White resigns} 0-1

[Event "Team 45 45 League T76"]
[Site "Internet Chess Club"]
[Date "2018.04.14"]
[Round "4"]
[White "Gilguli"]
[Black "herrahuu"]
[Result "0-1"]
[WhiteElo "1364"]
[BlackElo "1472"]
[Opening "Sicilian defense"]
[ECO "B20"]
[Time "12:29:23"]
[TimeControl "2700+45"]

1. e4 c5 2. a3 Nc6 3. b4 Nf6 4. Nc3 g6 5. bxc5 Bg7 6. d4 O-O 7. e5 Ne8 8. f4 d6
9. Nf3 Bg4 10. h3 Bxf3 11. gxf3 e6 12. h4 dxc5 13. dxc5 Qa5 14. Bd2 Qxc5 15. h5
Rd8 16. hxg6 fxg6 17. Bd3 Bh8 18. Qe2 Ng7 19. Ne4 Qe7 20. Nf2 Nf5 21. Ng4 Ng3
22. Qg2 Nxh1 23. Nh6+ Kg7 24. f5 exf5 25. Nxf5+ Rxf5 26. Bxf5 Qxe5+ 27. Be4
Qxa1+ 28. Ke2 Qd4 29. Bd3 Qe5+ 30. Be3 Ng3+ 31. Kd2 Nf5 32. Qf2 Nxe3 33. Qxe3
Qxe3+ 34. Kxe3 Kf6 {White resigns} 0-1

[Event "Team 45 45 League T76"]
[Site "Internet Chess Club"]
[Date "2018.04.13"]
[Round "4"]
[White "MovingDutchman"]
[Black "HomerSimpson"]
[Result "1-0"]
[WhiteElo "2091"]
[BlackElo "2004"]
[Opening "Ruy Lopez: Morphy defense, Duras variation"]
[ECO "C77"]
[Time "10:30:34"]
[TimeControl "2700+45"]

1. e4 e5 2. Nf3 Nc6 3. Bb5 a6 4. Ba4 Nf6 5. d3 d6 6. c4 g6 7. Nc3 Bg7 8. h3 O-O
9. Be3 Nd7 10. Qd2 Nd4 11. Bd1 c6 12. Be2 f5 13. exf5 Nxf5 14. Bg5 Qe8 15. O-O
Nc5 16. Qd1 Ne6 17. Bd2 Ned4 18. Nxd4 Nxd4 19. Re1 Qf7 20. Be3 d5 21. cxd5 cxd5
22. Na4 Nxe2+ 23. Qxe2 Bf5 24. Bc5 Rfe8 25. Nb6 Rad8 26. Rad1 g5 27. b4 Qg6 28.
g4 Be6 29. a3 Bf7 30. Qf3 h6 31. Rd2 Qc6 32. Qd1 d4 33. Rde2 Qf3 34. Rxe5 Qxh3
35. Be7 Bxe5 36. Rxe5 Bg6 37. Qb3+ Kh7 38. Qe6 Qxd3 39. Nd7 Rxd7 40. Qxd7 Qc4
41. Bf6+ Qf7 42. Rxe8 {Black resigns} 1-0

[Event "Team 45 45 League T76"]
[Site "Internet Chess Club"]
[Date "2018.04.14"]
[Round "4"]
[White "The7thGuest"]
[Black "texasnurse"]
[Result "0-1"]
[WhiteElo "1828"]
[BlackElo "2124"]
[Opening "French: MacCutcheon, Lasker variation"]
[ECO "C12"]
[Time "15:02:53"]
[TimeControl "2700+45"]

1. e4 e6 2. d4 d5 3. Nc3 Nf6 4. Bg5 Bb4 5. e5 h6 6. Bd2 Bxc3 7. bxc3 Ne4 8. Bd3
Nxd2 9. Qxd2 Nd7 10. f4 Qe7 11. Nf3 Nb6 12. O-O c5 13. Bb5+ Bd7 14. Bxd7+ Qxd7
15. dxc5 Na4 16. Nd4 Nxc5 17. f5 O-O-O 18. fxe6 fxe6 19. Nb3 Ne4 20. Qd4 Kb8 21.
Nc5 Nxc5 22. Qxc5 Rc8 23. Qb4 Qc7 24. Rab1 b6 25. a4 Qxc3 26. Qd6+ Qc7 27. Rf7
Qxd6 28. exd6 Rhd8 29. Rxg7 Rxd6 30. Rf1 Rc7 31. Rxc7 Kxc7 32. Rf7+ Kb8 33. Rf6
h5 34. Rh6 Rc6 35. Rxh5 Rxc2 36. Re5 Rc6 37. Kf2 Kc7 38. Re2 Kd6 39. g3 e5 40.
h4 e4 41. Ra2 Ke5 42. a5 b5 43. a6 d4 44. Ra5 Rc2+ 45. Ke1 Rb2 46. h5 e3 47. h6
Ke4 48. h7 Rb1+ 49. Ke2 d3# {White checkmated} 0-1

[Event "Team 45 45 League T76"]
[Site "Internet Chess Club"]
[Date "2018.04.13"]
[Round "4"]
[White "charles-allen"]
[Black "justice02"]
[Result "1/2-1/2"]
[WhiteElo "1828"]
[BlackElo "1739"]
[Opening "Queen's pawn: Chigorin variation"]
[ECO "D00"]
[Time "21:31:52"]
[TimeControl "2700+45"]

1. d4 d5 2. Nc3 Bf5 3. Bf4 h6 4. f3 Nf6 5. g4 Bh7 6. e3 e6 7. Bd3 c6 8. h4 Bd6
9. Nh3 Bxf4 10. Nxf4 Qd6 11. Bxh7 Rxh7 12. Qd3 Nbd7 13. O-O-O O-O-O 14. g5 hxg5
15. hxg5 Rxh1 16. Rxh1 Ne8 17. Rh8 g6 18. Rh7 e5 19. Nfe2 Qf8 20. Rh6 Nd6 21.
Ng3 Qe7 22. f4 e4 23. Qf1 Nc4 24. Qf2 Qb4 25. Nd1 Ndb6 26. c3 Qe7 27. Qh2 c5 28.
b3 Na5 29. Nb2 cxd4 30. cxd4 Kb8 31. Rh8 a6 32. Rxd8+ Qxd8 33. Qc2 Qc8 34. Qc5
Qxc5+ 35. dxc5 Nd7 36. b4 Nc6 37. a3 f5 38. Ne2 b5 39. Kc2 Ne7 40. Kc3 Kc7 41.
Nd4 Nf8 42. Kb3 Nc6 43. Kc3 {Game drawn by mutual agreement} 1/2-1/2

[Event "Team 45 45 League T76"]
[Site "Internet Chess Club"]
[Date "2018.04.15"]
[Round "4"]
[White "alegro"]
[Black "SlimeDog2"]
[Result "0-1"]
[WhiteElo "1900"]
[BlackElo "2021"]
[Opening "Ruy Lopez: Berlin defense, open variation"]
[ECO "C67"]
[Time "14:05:30"]
[TimeControl "2700+45"]

1. e4 e5 2. Nf3 Nc6 3. Bb5 Nf6 4. O-O Nxe4 5. d4 Nd6 6. Bxc6 dxc6 7. dxe5 Nf5 8.
Bg5 Qxd1 9. Rxd1 Bd7 10. Nc3 h6 11. Bf4 O-O-O 12. Rd3 g5 13. Bd2 g4 14. Nd4 Bg7
15. Re1 Nxd4 16. Rxd4 Bf5 17. Rf4 Rxd2 18. Rxf5 Rxc2 19. Rxf7 Bxe5 20. f4 Bd4+
21. Kh1 Rxb2 {White resigns} 0-1

[Event "Team 45 45 League T76"]
[Site "Internet Chess Club"]
[Date "2018.04.13"]
[Round "4"]
[White "ArturitoGalacti"]
[Black "primerpaso"]
[Result "0-1"]
[WhiteElo "1913"]
[BlackElo "1903"]
[Opening "English: Mikenas-Carls, Kevitz variation"]
[ECO "A18"]
[Time "17:01:43"]
[TimeControl "2700+45"]

1. c4 Nf6 2. Nc3 e6 3. e4 Nc6 4. Nf3 d5 5. e5 Ne4 6. Be2 Be7 7. O-O O-O 8. d4
Nxc3 9. bxc3 dxc4 10. Bxc4 Na5 11. Bd3 b6 12. Qe2 Bb7 13. Be3 Rc8 14. Nd2 c5 15.
f4 cxd4 16. cxd4 Nc6 17. Qf2 f5 18. Bc4 Qd7 19. a4 Nb4 20. Rfc1 Bd5 21. Bxd5
Qxd5 22. Rxc8 Rxc8 23. Qf3 Qxf3 24. Nxf3 Nc2 25. Rc1 Ba3 26. Kf2 Bxc1 27. Bxc1
Rc4 28. Ng5 Nxd4 29. Be3 h6 {White resigns} 0-1

[Event "Team 45 45 League T76"]
[Site "Internet Chess Club"]
[Date "2018.04.15"]
[Round "4"]
[White "janh"]
[Black "ChessHouston"]
[Result "1-0"]
[WhiteElo "1907"]
[BlackElo "1753"]
[Opening "Trompowsky attack (Ruth, Opocenský opening)"]
[ECO "A45"]
[Time "22:01:09"]
[TimeControl "2700+45"]

1. d4 Nf6 2. Bg5 Ne4 3. Bf4 c5 4. f3 Qa5+ 5. c3 Nf6 6. d5 d6 7. e4 b5 8. Nd2 a6
9. a4 bxa4 10. Nc4 Qd8 11. Qxa4+ Bd7 12. Qb3 e5 13. Bxe5 dxe5 14. Qb7 Nxe4 15.
Qxa8 {Black resigns} 1-0

[Event "Team 45 45 League T76"]
[Site "Internet Chess Club"]
[Date "2018.04.13"]
[Round "4"]
[White "Portola"]
[Black "ANGELLR"]
[Result "0-1"]
[WhiteElo "1708"]
[BlackElo "1858"]
[Opening "Queen's pawn game"]
[ECO "D00"]
[Time "20:00:17"]
[TimeControl "2700+45"]

1. d4 d5 2. c3 Bf5 3. Nf3 e6 4. Bg5 Nf6 5. e3 Bd6 6. Nbd2 h6 7. Bh4 O-O 8. Be2
Nbd7 9. O-O Re8 10. Bg3 Bxg3 11. hxg3 e5 12. dxe5 Nxe5 13. Nxe5 Rxe5 14. Nf3 Re8
15. Qb3 Rb8 16. Rfe1 c6 17. Rad1 Qc7 18. Nd2 Re7 19. Bf3 Rbe8 20. Rf1 Qe5 21.
Qb4 Be4 22. Bxe4 dxe4 23. Nc4 Qh5 24. f3 exf3 25. gxf3 Nd5 26. Qc5 Qh3 27. Rd2
Nxe3 28. Nxe3 Rxe3 29. Rg2 Re2 30. Rgf2 Qxg3+ 31. Kh1 R8e5 32. Rxe2 Rxe2 33. Qg1
Qh3+ {White resigns} 0-1

[Event "Team 45 45 League T76"]
[Site "Internet Chess Club"]
[Date "2018.04.18"]
[Round "4"]
[White "cool64chess"]
[Black "SlimeDog2"]
[Result "0-1"]
[WhiteElo "1990"]
[BlackElo "2036"]
[Opening "Grünfeld: exchange, Spassky variation"]
[ECO "D87"]
[Time "16:01:34"]
[TimeControl "2700+45"]

1. d4 Nf6 2. c4 g6 3. Nc3 d5 4. cxd5 Nxd5 5. e4 Nxc3 6. bxc3 Bg7 7. Bc4 c5 8.
Ne2 O-O 9. O-O Nc6 10. Be3 Bg4 11. f3 Bd7 12. Qd2 Qa5 13. Qb2 b5 14. Bd3 b4 15.
Bd2 Rab8 16. cxb4 Nxd4 17. Nxd4 Qb6 18. Be3 cxd4 19. Bd2 Rfc8 20. Kh1 Bb5 21.
Qb3 Rc3 22. Bxc3 Bxd3 23. Rfd1 Be2 24. Re1 Bxf3 25. Bd2 Bg4 26. a4 d3 27. Rac1
Be2 28. a5 Qf2 29. Qd5 Bd4 30. e5 Be3 31. Bxe3 Qxe3 32. Rcd1 Rxb4 33. Qd8+ Kg7
34. Qxe7 Rf4 35. Qd6 Bxd1 36. Qf6+ Rxf6 37. exf6+ Kxf6 38. Rxe3 Be2 {White
resigns} 0-1

[Event "Team 45 45 League T76"]
[Site "Internet Chess Club"]
[Date "2018.04.12"]
[Round "4"]
[White "backrankbrawler"]
[Black "A4-H5"]
[Result "0-1"]
[WhiteElo "1700"]
[BlackElo "1777"]
[Opening "King's Indian: East Indian defense"]
[ECO "A48"]
[Time "21:04:55"]
[TimeControl "2700+45"]

1. d4 Nf6 2. Nf3 g6 3. e3 Bg7 4. Be2 O-O 5. O-O d6 6. c4 Nc6 7. Nc3 e5 8. a3 a5
9. b3 h6 10. Bb2 exd4 11. exd4 Nh5 12. Nd5 Be6 13. Nc3 Bd7 14. d5 Ne7 15. Nd4
Nf4 16. Bf3 Nf5 17. Nxf5 Bxf5 18. Qd2 Qg5 19. Kh1 Nd3 20. Bc1 Nxc1 21. Qxc1 Qf6
22. Nb5 Qxa1 23. Qxa1 Bxa1 24. Rxa1 Rac8 25. b4 axb4 26. axb4 Bd3 27. Rc1 Rfe8
28. g3 b6 29. Kg2 Re7 30. Rc3 Be4 31. Na7 Bxf3+ 32. Kxf3 Ra8 33. Nc6 Re1 34. Nd4
Ra4 35. Nb5 Re7 36. Rb3 Kf8 37. Nc3 Ra1 38. Nb5 Rc1 39. Rc3 Rxc3+ 40. Nxc3 Ke8
41. Nb5 Kd7 42. Nd4 Re1 43. Nc6 Rc1 44. Na7 Rxc4 {White resigns} 0-1

[Event "Team 45 45 League T76"]
[Site "Internet Chess Club"]
[Date "2018.04.16"]
[Round "4"]
[White "kllrchris"]
[Black "swagnik"]
[Result "0-1"]
[WhiteElo "1676"]
[BlackElo "1624"]
[Opening "French: Tarrasch, Guimard main line"]
[ECO "C04"]
[Time "16:00:36"]
[TimeControl "2700+45"]

1. e4 e6 2. d4 d5 3. Nd2 Nc6 4. Ngf3 Nf6 5. e5 Nd7 6. c3 f6 7. Bb5 a6 8. Bxc6
bxc6 9. O-O c5 10. Re1 cxd4 11. cxd4 c5 12. dxc5 Bxc5 13. Nb3 Bb6 14. exf6 Nxf6
15. Nbd4 Ne4 16. Be3 O-O 17. Rc1 Qf6 18. Qe2 Bd7 19. Nc6 Rac8 20. Ne7+ Qxe7 21.
Rxc8 Rxc8 22. Bxb6 Bb5 23. Qd1 Qb4 24. Bd4 Bc4 25. Qc1 a5 26. Qf4 Bxa2 27. Qg4
Qe7 28. h4 Bb3 29. Ng5 Nxg5 30. hxg5 Rc4 31. Rxe6 Rxd4 32. Qf5 Rd1+ 33. Kh2 Qc7+
34. f4 Qf7 35. Qe5 Qh5+ 36. Kg3 Rd3+ 37. Kf2 Rd2+ 38. Ke1 Qd1# {White
checkmated} 0-1

[Event "Team 45 45 League T76"]
[Site "Internet Chess Club"]
[Date "2018.04.14"]
[Round "4"]
[White "jorobo"]
[Black "PolishRyszard"]
[Result "1/2-1/2"]
[WhiteElo "1947"]
[BlackElo "1792"]
[Opening "English: three knights system"]
[ECO "A27"]
[Time "15:02:28"]
[TimeControl "2700+45"]

1. c4 e5 2. Nc3 Nc6 3. Nf3 f5 4. d4 e4 5. Ng5 Be7 6. h4 Bf6 7. e3 Nge7 8. g3 h6
9. Nh3 O-O 10. Nf4 a5 11. Bd2 Nb8 12. Rc1 c6 13. c5 d5 14. cxd6 Qxd6 15. Bc4+
Kh7 16. a4 Na6 17. Kf1 Nb4 18. Qb3 Bd7 19. Be1 Rab8 20. h5 Bg5 21. Nce2 b6 22.
Kg2 Nbd5 23. Bxd5 cxd5 24. Bd2 Rfc8 25. Nh3 Bf6 26. Nc3 Bg5 27. Nb5 Bxb5 28.
Qxb5 Nc6 29. Qa6 Qd8 {Game drawn by mutual agreement} 1/2-1/2

[Event "Team 45 45 League T76"]
[Site "Internet Chess Club"]
[Date "2018.04.16"]
[Round "4"]
[White "cadmiumorange"]
[Black "misuc56"]
[Result "1-0"]
[WhiteElo "1833"]
[BlackElo "1468"]
[Opening "Sicilian defense"]
[ECO "B30"]
[Time "12:00:36"]
[TimeControl "2700+45"]

1. e4 c5 2. Nf3 Nc6 3. d3 d6 4. g3 g6 5. Bg2 Bg7 6. O-O Bd7 7. c3 a6 8. Be3 Rb8
9. d4 cxd4 10. cxd4 Nf6 11. Nc3 O-O 12. h3 h5 13. Qd2 b5 14. e5 dxe5 15. dxe5
Nh7 16. Rfd1 Be6 17. Qe2 Qa5 18. Bf4 Rfd8 19. Qe4 Rdc8 20. Rac1 Qb4 21. Qe2 Bc4
22. Qc2 Be6 23. a3 Qa5 24. Qe2 Rd8 25. Qe4 Rbc8 26. Nd5 Bxd5 27. Rxd5 Rxd5 28.
Qxd5 e6 29. Qd7 Qc7 30. Qxc7 Rxc7 31. Nd4 Nxd4 32. Rxc7 g5 33. Rc8+ Bf8 34. Be3
Nf5 35. Bc5 Kg7 36. Bxf8+ Nxf8 37. Ra8 Nd7 38. Rxa6 Nxe5 39. b4 Nd4 40. Kf1 Kf6
41. Ke1 Nc4 42. Kd1 Kf5 43. Bf1 Ne5 44. Rd6 Ke4 45. Bg2+ Kd3 46. f4 gxf4 47.
gxf4 Nc4 48. Bf1+ Kc3 49. Bxc4 Kxc4 50. Rd7 f5 51. Rh7 Kb3 52. Rxh5 Kxa3 53. Rh7
Kxb4 54. h4 Kc4 55. h5 b4 56. h6 b3 57. Rd7 b2 58. Rxd4+ Kxd4 59. Kc2 Ke4 60. h7
Kxf4 61. h8=Q e5 62. Qh4+ Kf3 63. Kxb2 f4 64. Kc2 e4 65. Kd2 e3+ 66. Kd3 e2 67.
Qh5+ Kf2 68. Qxe2+ Kg3 69. Ke4 f3 70. Qxf3+ Kh2 71. Qg4 Kh1 72. Kf3 Kh2 73. Qg2#
{Black checkmated} 1-0

[Event "Team 45 45 League T76"]
[Site "Internet Chess Club"]
[Date "2018.04.17"]
[Round "4"]
[White "kidcobra"]
[Black "markcouch0451"]
[Result "1-0"]
[WhiteElo "1805"]
[BlackElo "1649"]
[Opening "Pirc defense"]
[ECO "B07"]
[Time "15:15:19"]
[TimeControl "2700+45"]

1. e4 d6 2. d4 Nf6 3. Nc3 Nbd7 4. f4 e5 5. dxe5 dxe5 6. Nf3 exf4 7. Bxf4 Be7 8.
e5 Nh5 9. Be3 g6 10. Bh6 Rg8 11. Bc4 c6 12. e6 fxe6 13. Bxe6 Rf8 14. Bxf8 Kxf8
15. Qd4 Bf6 16. Qe3 Qa5 17. O-O Kg7 18. Rad1 Qc5 19. Rxd7+ Bxd7 20. Qxc5 Bxe6
21. Ne4 Bd8 22. Qe5+ {Black resigns} 1-0